 Dungeon Crawl Stone Soup version 0.22-a0-525-gf69a080 (webtiles) character file.

11 iamserjio the Charmwright (level 2, 12/15 HPs)
             Began as a Vine Stalker Skald on June 21, 2018.
             Quit the game on level 1 of the Dungeon.
             The game lasted 00:02:23 (250 turns).

iamserjio the Charmwright (Vine Stalker Skald)       Turns: 250, Time: 00:02:23

Health: 12/15      AC:  3    Str: 13    XL:     2   Next: 25%
Magic:  6/6        EV: 11    Int: 13    God:
Gold:   25         SH:  0    Dex: 13    Spells: 4/5 levels left

rFire    . . .     SeeInvis .     - Unarmed
rCold    . . .     Gourm    .   (no shield)
rNeg     . . .     Faith    .   a - +0 leather armour
rPois    .         Spirit   +   (no helmet)
rElec    .         Reflect  .   (no cloak)
rCorr    .         Harm     .   (no gloves)
MR       .....                  (no boots)
Stlth    +.........             (no amulet)
HPRegen  0.05/turn              (no ring)
MPRegen  0.10/turn              (no ring)

@: no status effects
A: fangs 2, magic shield, antimagic bite, no potion heal 3, rot immunity
a: no special abilities


You were on level 1 of the Dungeon.
You were not hungry.

You visited 1 branch of the dungeon, and saw 1 of its levels.

You collected 25 gold pieces.

Inventory:

Missiles
 e - 39 stones (quivered)
Armour
 a - a +0 leather armour (worn)
 d - a +0 plate armour
 g - a +0 chain mail
Scrolls
 b - a scroll of noise {unknown}
 f - a scroll of magic mapping {unknown}
Potions
 h - a potion of heal wounds {unknown}
Comestibles
 c - a ration


   Skills:
 - Level 2.0 Fighting
 - Level 0.7 Armour
 - Level 1.5 Dodging
 * Level 2.5 Unarmed Combat
 - Level 2.1 Spellcasting
 + Level 3.1 Charms


You had 4 spell levels left.
You knew the following spells:

 Your Spells              Type           Power        Failure   Level  Hunger
a - Infusion              Chrm           #...         9%          1    ##.....

Your spell library contained the following spells:

 Spells                   Type           Power        Failure   Level  Hunger
 Regeneration             Chrm/Necr      #.........   45%         3    ####...
 Shroud of Golubria       Chrm/Tloc      #.........   26%         2    ###....
 Song of Slaying          Chrm           #.......     13%         2    ###....
 Spectral Weapon          Hex/Chrm       #.......     45%         3    ####...


Dungeon Overview and Level Annotations

Branches:
Dungeon (1/15)

Altars:


Innate Abilities, Weirdness & Mutations

You have extremely sharp teeth.
When hurt, damage is shared between your health and your magic reserves.
Your bite disrupts and absorbs the magic of your enemies.
Potions cannot restore your health.
You are immune to rotting.


Message History

The slug dart hits you!
You hit the dart slug.
You bite the dart slug, but do no damage.
The dart slug is almost dead.
You hit the dart slug.
You kill the dart slug!
Training target 2.0 for Fighting reached!
Your Fighting skill increases to level 2!
You see here a dart slug corpse.
You barely miss the hobgoblin.
You bite the hobgoblin, but do no damage.
The hobgoblin hits you.
You barely miss the hobgoblin. Your bite misses the hobgoblin.
The hobgoblin hits you.
You barely miss the hobgoblin. You hit the hobgoblin.
You kill the hobgoblin!
Found a glowing black potion.
h - a glowing black potion Are you sure you want to abandon this character and quit the game? (Confirm with "yes".)

#.....# #.###.###..
#..)..# #.#
#####.###.# #.....#
##.#### #.# #########
#.# #....@..##### #.#
#.#####.....#####.####
####......[........
#........####...###
#.##.....# #.....# #
#.##.....# ##...##
#.##.##.##### ##.##
#.......# #.#
####.#### #.#


There were no monsters in sight!

Vanquished Creatures
  A dart slug (D:1)
  2 goblins (D:1)
  A hobgoblin (D:1)
  2 kobolds (D:1)
  A bat (D:1)
  2 rats (D:1)
9 creatures vanquished.

Notes
Turn   | Place    | Note
-------+----------+-------------------------------------------
     0 | D:1      | iamserjio the Vine Stalker Skald began the quest for the Orb.
     0 | D:1      | Reached XP level 1. HP: 11/11 MP: 4/4
   213 | D:1      | Reached XP level 2. HP: 15/15 MP: 6/6
   250 | D:1      | Quit the game

Vault maps used:
D:1:      wheals_arrival_linesprint, minmay_shallow_snake_nest

Skill      XL: |  1  2 |
---------------+-------+-----
Fighting       | 2 |  2.0
Armour         | |  0.7
Dodging        | |  1.5
Unarmed Combat | |  2.5
Spellcasting   | |  2.1
Charms         | |  3.1

Action                   || total
-------------------------++-------
Melee: Unarmed           ||    21
       Bite              ||     5
 Stab: Sleeping          ||     1
Armor: Leather armour    ||     3
Dodge: Dodged            ||     6

Table legend:
 A = Spawn XP
 B = Non-spawn XP
 C = Spawn XP percentage of total XP
 D = Spawn monster count
 E = Non-spawn monster count
 F = Spawn count percentage of total count
 G = Total turns spent on level
                    A         B        C        D         E        F      G
               +---------+---------+-------+---------+---------+-------+---------
         Total |       0 |      16 |   0.0 |       0 |       9 |   0.0 |   250
               +---------+---------+-------+---------+---------+-------+---------
           D:1 |       0 |      16 |   0.0 |       0 |       9 |   0.0 |   250
               +---------+---------+-------+---------+---------+-------+---------
